 Dungeon Crawl Stone Soup version 0.30-a0-782-ge64f9170bb (webtiles) character file.

Game seed: 5995085630465267085

114 Goldberg the Chopper (level 5, 0/39 HPs)
             Began as a Human Gladiator on Feb 18, 2023.
             Was an Initiate of the Shining One.
             Succumbed to a scorpion's poison
             ... on level 5 of the Dungeon.
             The game lasted 00:08:10 (2884 turns).

Goldberg the Chopper (Human Gladiator)              Turns: 2884, Time: 00:08:11

Health: 0/39       AC:  5    Str: 16      XL:     5   Next: 19%
Magic:  5/5        EV: 12    Int:  7 (9)  God:    the Shining One [......]
Gold:   156        SH:  0    Dex: 13 (14) Spells: 4/4 levels left

rFire   + . .      SeeInvis .    h - +4 mace (holy)
rCold   . . .      Faith    .    (no shield)
rNeg    . . .      Spirit   .    b - +0 leather armour
rPois   .          Reflect  .    c - +1 helmet
rElec   .          Harm     .    (no cloak)
rCorr   .          Rampage  .    (no gloves)
Will    .....                    (no boots)
Stlth   +                        (no amulet)
HPRegen 0.26/turn                l - ring of protection from fire
MPRegen 0.09/turn                (no ring)

@: lethally poisoned (0 -> -8), glowing
A: no striking features
a: Renounce Religion


You were on level 5 of the Dungeon.
You worshipped the Shining One.
The Shining One was noncommittal.
You visited 1 branch of the dungeon, and saw 4 of its levels.

You collected 156 gold pieces.

Inventory:

Hand Weapons
 a - a +0 war axe
 g - a +2 hand axe of flaming
 h - a +4 mace of holy wrath (weapon)
Missiles
 d - 3 throwing nets (quivered)
 e - a javelin
Armour
 b - a +0 leather armour (worn)
 c - a +1 helmet (worn)
 n - a +0 pair of gloves
Jewellery
 l - a ring of protection from fire (left hand)
Scrolls
 j - a scroll of identify
 k - a scroll of blinking
 m - a scroll of teleportation
 o - a scroll of enchant armour
Potions
 f - a potion of brilliance
 i - a potion of curing
 p - a potion of heal wounds


   Skills:
 + Level 2.5 Fighting
 - Level 3.5(3.6) Axes
 * Level 1.4(2.6) Maces & Flails
 + Level 2.1 Throwing
 + Level 2.2 Armour
 + Level 3.5 Dodging
 + Level 0.3 Stealth


You had 4 spell levels left.
You didn't know any spells.
Your spell library contained the following spells:

 Spells                   Type           Power      Damage    Failure   Level
 Ignite Poison            Fire/Tmut/Pois 0%         N/A       86%         3
 Kindle Blastsparks       Fire/Tloc/Air  0%         2d10      86%         3
 Freezing Cloud           Conj/Ice/Air   0%         6-21      100%        5


Dungeon Overview and Level Annotations

Branches:
Dungeon (3/15)

Altars:
The Shining One


Message History

p - a potion of heal wounds The scorpion stings you.
You are poisoned.
The scorpion poisons you!
You feel sick. The scorpion stings you.
You hit the scorpion.
The scorpion is lightly wounded.
You feel sick.
The scorpion stings you but does no damage.
You hit the scorpion.
The scorpion is heavily wounded.
You feel sick. The scorpion completely misses you. The scorpion stings you.
You are more poisoned.
The scorpion poisons you!
You hit the scorpion.
The scorpion is heavily wounded.
You feel very sick. The scorpion barely misses you. x2
You barely miss the scorpion.
The scorpion is heavily wounded.
You feel very sick. The scorpion closely misses you.
You hit the scorpion.
The scorpion is severely wounded.
You feel sick. The scorpion closely misses you. The scorpion stings you.
* * * LOW HITPOINT WARNING * * *
You are lethally poisoned!
The scorpion poisons you!
You sock the scorpion!
You kill the scorpion!
* * * LOW HITPOINT WARNING * * *
You feel very sick.
You feel your strength returning.
You feel your dexterity returning.
Your base Maces & Flails skill increases to level 1!
Your Armour skill increases to level 2!
You have reached level 5!
* * * LOW HITPOINT WARNING * * *
You feel sick.
You see here a scorpion corpse.
You die...

#####.# .....###
#####.....######
......#.#......
#...........#
#.....#.#.#
.#......#
####.#†# ...#@#
#.......+
#...#.#.#
#.......#.+
#.#.##### # #.#.
#


There were no monsters in sight!

Vanquished Creatures
  A scorpion (D:5)
  An adder (D:2)
  A dart slug (D:3)
  6 bats
  3 endoplasms
  3 giant cockroaches
  5 goblins
  4 hobgoblins
  4 jackals (D:2)
  2 quokkas (D:1)
  3 ball pythons (D:1)
  4 frilled lizards
  4 kobolds (D:1)
  4 rats
45 creatures vanquished.

Notes
Turn   | Place    | Note
-------+----------+-------------------------------------------
     0 | D:1      | Goldberg the Human Gladiator began the quest for the Orb.
     0 | D:1      | Reached XP level 1. HP: 16/16 MP: 1/1
   283 | D:1      | Reached XP level 2. HP: 21/22 MP: 2/2
   798 | D:2      | Reached XP level 3. HP: 24/27 MP: 3/3
   812 | D:2      | Reached skill level 1 in Armour
  1809 | D:2      | Found a glowing golden altar of the Shining One.
  1829 | D:2      | Became a worshipper of the Shining One
  2052 | D:2      | Reached XP level 4. HP: 33/33 MP: 4/4
  2870 | D:3      | You fall into a shaft and drop 2 floors!
  2870 | D:5      | Entered Level 5 of the Dungeon
  2872 | D:5      | Noticed a scorpion
  2882 | D:5      | Killed a scorpion
  2883 | D:5      | Reached skill level 1 in Maces & Flails
  2883 | D:5      | Reached XP level 5. HP: 3/39 MP: 5/5
  2883 | D:5      | HP: 1/39 [poisoned by a scorpion]
  2884 | D:5      | Succumbed to a scorpion's poison

Illustrated notes

Levels and vault maps discovered:
D:1:      spicycebolla_arrival_xxxplode, layout_basic, minmay_parallelograms
D:2:      layout_basic, basic_altar
D:3:      layout_loops_ring
D:5:      layout_basic, minmay_temple_entry_sparse_star, serial_glass,
          glass_columns_a, glass_columns_a, serial_shops,
          nicolae_shop_behind_doors, minmay_crossroads, uniq_sigmund,
          uniq_prince_ribbit1

Skill      XL: |  1  2  3  4 |
---------------+-------------+-----
Armour         | 1 2 |  2.2
Maces & Flails | 1 |  1.4
Fighting       | |  2.5
Axes           | |  3.5
Throwing       | |  2.1
Dodging        | |  3.5
Stealth        | |  0.3

Action                     |  1- 3 |  4- 6 || total
---------------------------+-------+-------++-------
  Melee: Hand axe          |    80 |       ||    80
         War axe           |     4 |       ||     4
         Mace              |     4 |    20 ||    24
    Use: Scroll            |     6 |     3 ||     9
         Potion            |     4 |       ||     4
 Armour: Leather armour    |    45 |     4 ||    49
  Dodge: Dodged            |    65 |    14 ||    79

Table legend: (Time is in decaauts)
 A = Elapsed time spent in this place.
 B = Non-inter-level travel time spent in this place.
 C = Inter-level travel time spent in this place.
 D = Time resting spent in this place.
 E = Time spent auto-exploring this place.
 F = Levels seen in this place.
 G = Mean time per level.
                   A        B        C        D        E       F      G
               +--------+--------+--------+--------+--------+-----+--------+
         Total |   2881 |   2867 |     14 |    737 |    864 |   4 |  720.2 |
       Dungeon |   2881 |   2867 |     14 |    737 |    864 |   4 |  720.2 |
               +--------+--------+--------+--------+--------+-----+--------+

Top non-repeatable levels by time:
     D:2: 1850 daAuts
     D:1: 758 daAuts
     D:3: 256 daAuts
     D:5: 15 daAuts
